 Dungeon Crawl Stone Soup version 0.22-a0-40-g3d2f077 (webtiles) character file.

67 tidbits the Grave Robber (level 4, -3/32 HPs)
             Began as a Gnoll Necromancer on Jan 4, 2018.
             Slain by an orc (5 damage)
             ... on level 2 of the Dungeon.
             The game lasted 00:02:47 (325 turns).

tidbits the Grave Robber (Gnoll Necromancer)         Turns: 325, Time: 00:02:48

Health: -3/32      AC:  2    Str:  9 (10) XL:     4   Next: 16%
Magic:  1/11       EV: 15    Int: 16 (18) God:
Gold:   33         SH:  0    Dex: 15 (16) Spells: 5/13 levels left

rFire    . . .     SeeInvis .   d - +0 dagger
rCold    . . .     Gourm    .   (no shield)
rNeg     . . .     Faith    .   a - +0 robe
rPois    .         Spirit   .   (no helmet)
rElec    .         Reflect  .   (no cloak)
rCorr    .         Harm     .   (no gloves)
MR       .....                  (no boots)
Stlth    +++.......             (no amulet)
HPRegen  0.10/turn              (no ring)
MPRegen  0.12/turn              (no ring)

@: no status effects
A: distributed training, fangs 1, strong nose
a: no special abilities


You were on level 2 of the Dungeon.
You were not hungry.

You visited 1 branch of the dungeon, and saw 3 of its levels.

You collected 33 gold pieces.

Inventory:

Hand Weapons
 d - a +0 dagger (weapon)
 h - a +0 short sword
Missiles
 e - 28 stones
 j - 3 javelins (quivered)
Armour
 a - a +0 robe (worn)
Scrolls
 f - a scroll of teleportation {unknown}
 i - a scroll of fear {unknown}
Books
 b - a book of Necromancy

   Spells                             Type                      Level
   a - Pain                           Necromancy                   1
   b - Animate Skeleton               Necromancy                   1
   c - Vampiric Draining              Necromancy                   3
   d - Regeneration                   Charms/Necromancy            3
   e - Animate Dead                   Necromancy                   4
   f - Borgnjor's Vile Clutch         Necromancy/Earth             5
Comestibles
 c - 2 rations


   Skills:
 + Level 1.0 Fighting
 + Level 1.0 Short Blades
 + Level 1.0 Long Blades
 + Level 1.0 Axes
 + Level 1.0 Maces & Flails
 + Level 1.0 Polearms
 + Level 1.0 Staves
 + Level 1.0 Slings
 + Level 1.0 Bows
 + Level 1.0 Crossbows
 + Level 1.0 Throwing
 + Level 1.0 Armour
 + Level 4.6 Dodging
 + Level 4.2 Stealth
 + Level 1.0 Shields
 + Level 1.0 Unarmed Combat
 + Level 5.0 Spellcasting
 + Level 0.8 Conjurations
 + Level 0.8 Hexes
 + Level 0.8 Charms
 + Level 0.8 Summonings
 + Level 7.1 Necromancy
 + Level 0.8 Translocations
 + Level 0.8 Transmutations
 + Level 0.8 Fire Magic
 + Level 0.8 Ice Magic
 + Level 0.8 Air Magic
 + Level 0.8 Earth Magic
 + Level 0.8 Poison Magic
 + Level 1.1 Invocations
 + Level 1.0 Evocations


You had 5 spell levels left.
You knew the following spells:

 Your Spells              Type           Power        Failure   Level  Hunger
a - Pain                  Necr           ####         1%          1    None
d - Vampiric Draining     Necr           ####......   2%          3    ###....
n - Animate Skeleton      Necr           N/A          1%          1    None
r - Regeneration          Chrm/Necr      ###.......   9%          3    ###....


Dungeon Overview and Level Annotations

Branches:
Dungeon (3/15)

Altars:


Innate Abilities, Weirdness & Mutations

Your experience applies equally to all skills.
You have very sharp teeth.
Your uncanny sense of smell can sniff out nearby items.


Message History

An orc is wielding a war axe of venom.
The orc shouts! x4; The orc priest shouts!
Found 6 sling bullets.
Found a stone staircase leading up.
There is a stone staircase leading up here.
The orc priest hits you with a flail.
* * * LOW HITPOINT WARNING * * *
The orc hits you.
* * * LOW HITPOINT WARNING * * *
The orc hits you.
* * * LOW HITPOINT WARNING * * *
You climb upwards.
There is a stone staircase leading down here.
Okay, then.
It was a potion of degeneration.
There was something very wrong with that liquid.
You feel weakened.
You feel dopey.
You feel clumsy. The orc hits you.
* * * LOW HITPOINT WARNING * * *
The orc closely misses you.
It was a potion of curing.
You feel better. The orc priest barely misses you. The orc hits you.
The orc barely misses you.
Unknown command.
Casting: Pain
Confirm with . or Enter, or press ? or * to list all spells.
Aiming: Vampiric Draining
Press: ? - help, Shift-Dir - straight line, f - orc priest
Aim: an orc priest, wielding a flail The orc priest is severely wounded.
You feel life coursing into your body. The orc priest hits you with a flail!
* * * LOW HITPOINT WARNING * * *
The orc barely misses you. The orc hits you.
* * * LOW HITPOINT WARNING * * *
Casting: Vampiric Draining
Confirm with . or Enter, or press ? or * to list all spells.
You don't have enough magic to cast that spell.
Fire/throw which item? (* to show all) (? for menu, Esc to quit)
Press: ? - help, Shift-Dir - straight line, f/p - orc priest
Aim: an orc priest, wielding a flail (severely wounded)
You throw a javelin.
The javelin closely misses the orc priest.
The orc priest hits you but does no damage.
The orc hits you but does no damage. The orc barely misses you.
A frilled lizard comes into view.
Fire/throw which item? (* to show all) (? for menu, Esc to quit)
Press: ? - help, Shift-Dir - straight line, f/p - orc priest
Aim: an orc priest, wielding a flail (severely wounded)
You throw a javelin. The javelin hits the orc priest!
You kill the orc priest!
You feel your dexterity returning.
Your Fighting skill increases to level 1!
Your Short Blades skill increases to level 1!
Your Long Blades skill increases to level 1!
Your Axes skill increases to level 1!
Your Maces & Flails skill increases to level 1!
Your Polearms skill increases to level 1!
Your Staves skill increases to level 1!
Your Slings skill increases to level 1!
Your Bows skill increases to level 1!
Your Crossbows skill increases to level 1!
Your Throwing skill increases to level 1!
Your Armour skill increases to level 1!
Your Shields skill increases to level 1!
Your Unarmed Combat skill increases to level 1!
Your Invocations skill increases to level 1!
Your Evocations skill increases to level 1!
You have reached level 4!
You feel agile.
The frilled lizard falls through a shaft!
The shaft crumbles and collapses.
The orc hits you.
* * * LOW HITPOINT WARNING * * *
The orc closely misses you. The orc hits you.
* * * LOW HITPOINT WARNING * * *
The orc closely misses you.
Quiver which item? (- for none, * to show all) (? for menu, Esc to quit)
Quivering
j - 5 javelins for throwing.
Throwing (i - inventory. (,) - cycle):
j - 5 javelins (quivered)
Press: ? - help, Shift-Dir - straight line, f - orc
Aim: an orc, wearing a ring mail You throw a javelin.
The javelin hits the orc but does no damage.
Casting: Vampiric Draining
Confirm with . or Enter, or press ? or * to list all spells.
Aiming: Pain
Press: ? - help, Shift-Dir - straight line, f/p - orc
Aim: an orc, wearing a ring mail (chance to defeat MR: 93%)
The orc writhes in agony!
You kill the orc!
Casting: Pain
Confirm with . or Enter, or press ? or * to list all spells.
Aiming: Pain
Press: ? - help, Shift-Dir - straight line, f - orc
Aim: an orc, wearing a leather armour (chance to defeat MR: 93%)
The orc writhes in agony!
The orc closely misses you.
Throwing (i - inventory. (,) - cycle):
j - 4 javelins (quivered)
Press: ? - help, Shift-Dir - straight line, f/p - orc
Aim: an orc, wearing a leather armour (lightly wounded)
You throw a javelin. The javelin hits the orc.
The orc is heavily wounded.
The orc hits you.
You die...

.############
.#..........# #####
............# #...#
............###...####
................>)(..#
#.......(...##....#[###
#.................#...#
#..........####.#####.#
#..........#...@#####.#
#..........#.##.o(....#
#..........# ##.#######
##########.#......
#####..###..
#............∆
#.####.###... #######.#
..##.### #.......#
#.##.


You could see an orc.

Vanquished Creatures
  An orc priest (D:2)
  2 adders (D:2)
  A dart slug (D:2)
  An orc (D:2)
  A ball python (D:1)
  3 bats
  A giant cockroach (D:1)
  2 goblins
  2 hobgoblins
  2 kobolds (D:1)
  2 rats (D:1)
18 creatures vanquished.

Notes
Turn   | Place    | Note
-------+----------+-------------------------------------------
     0 | D:1      | tidbits the Gnoll Necromancer began the quest for the Orb.
     0 | D:1      | Reached XP level 1. HP: 13/13 MP: 6/6
   100 | D:2      | Reached XP level 2. HP: 16/20 MP: 2/7
   104 | D:2      | Learned a level 1 spell: Animate Skeleton
   223 | D:1      | Reached XP level 3. HP: 10/25 MP: 2/9
   228 | D:1      | Learned a level 3 spell: Vampiric Draining
   232 | D:1      | Learned a level 3 spell: Regeneration
   273 | D:2      | Reached skill level 5 in Spellcasting
   308 | D:2      | Reached skill level 1 in Fighting
   308 | D:2      | Reached skill level 1 in Short Blades
   308 | D:2      | Reached skill level 1 in Long Blades
   308 | D:2      | Reached skill level 1 in Axes
   308 | D:2      | Reached skill level 1 in Maces & Flails
   308 | D:2      | Reached skill level 1 in Polearms
   308 | D:2      | Reached skill level 1 in Staves
   308 | D:2      | Reached skill level 1 in Slings
   308 | D:2      | Reached skill level 1 in Bows
   308 | D:2      | Reached skill level 1 in Crossbows
   308 | D:2      | Reached skill level 1 in Throwing
   308 | D:2      | Reached skill level 1 in Armour
   308 | D:2      | Reached skill level 1 in Shields
   308 | D:2      | Reached skill level 1 in Unarmed Combat
   308 | D:2      | Reached skill level 1 in Invocations
   308 | D:2      | Reached skill level 1 in Evocations
   308 | D:2      | Reached XP level 4. HP: 9/32 MP: 0/11
   308 | D:2      | HP: 2/32 [orc (3)]
   325 | D:2      | Slain by an orc

Vault maps used:
D:1:      zelgadis_glass_arrival_small
D:2:      first_ration, minmay_misc_feat_encased, uniq_robin, uniq_terence
D:3:      minmay_misc_feat_tower, uniq_grinder, uniq_natasha

Skill      XL: |  1  2  3 |
---------------+----------+-----
Spellcasting   | 5 |  5.0
Fighting       | 1 |  1.0
Short Blades   | 1 |  1.0
Long Blades    | 1 |  1.0
Axes           | 1 |  1.0
Maces & Flails | 1 |  1.0
Polearms       | 1 |  1.0
Staves         | 1 |  1.0
Slings         | 1 |  1.0
Bows           | 1 |  1.0
Crossbows      | 1 |  1.0
Throwing       | 1 |  1.0
Armour         | 1 |  1.0
Shields        | 1 |  1.0
Unarmed Combat | 1 |  1.0
Invocations    | 1 |  1.1
Evocations     | 1 |  1.0
Dodging        | |  4.6
Stealth        | |  4.2
Conjurations   | |  0.8
Hexes          | |  0.8
Charms         | |  0.8
Summonings     | |  0.8
Necromancy     | |  7.1
Translocations | |  0.8
Transmutations | |  0.8
Fire Magic     | |  0.8
Ice Magic      | |  0.8
Air Magic      | |  0.8
Earth Magic    | |  0.8
Poison Magic   | |  0.8

Action                   |  1- 3 |  4- 6 || total
-------------------------+-------+-------++-------
Melee: Dagger            |     4 |       ||     4
Throw: Javelin           |     2 |     2 ||     4
 Cast: Pain              |    23 |     2 ||    25
       Vampiric Draining |     1 |       ||     1
       Regeneration      |     1 |       ||     1
  Use: Potion            |     2 |       ||     2
 Stab: Sleeping          |     1 |       ||     1
Armor: Robe              |     2 |       ||     2
Dodge: Dodged            |    13 |     3 ||    16

Table legend:
 A = Spawn XP
 B = Non-spawn XP
 C = Spawn XP percentage of total XP
 D = Spawn monster count
 E = Non-spawn monster count
 F = Spawn count percentage of total count
 G = Total turns spent on level
                    A         B        C        D         E        F      G
               +---------+---------+-------+---------+---------+-------+---------
         Total |       0 |      96 |   0.0 |       0 |      18 |   0.0 |   325
               +---------+---------+-------+---------+---------+-------+---------
           D:1 |       0 |      16 |   0.0 |       0 |      10 |   0.0 |   183
           D:2 |       0 |      80 |   0.0 |       0 |       8 |   0.0 |   140
               +---------+---------+-------+---------+---------+-------+---------

Table legend:
 A = Turns spent in this place as a percentage of turns spent in the entire game.
 B = Non-inter-level travel turns spent in this place as a percentage of non-inter-level travel turns spent in the entire game.
 C = Inter-level travel turns spent in this place as a percentage of turns spent in this place.
 D = Turns resting spent in this place as a percentage of non-inter-level travel turns spent in this place.
 E = Turns spent auto-exploring this place as a percentage of non-inter-level travel turns spent in this place.
 F = Non-inter-level travel turns spent in this place divided by the number of levels of this place that you've seen.
                   A       B       C       D       E      F
               +-------+-------+-------+-------+-------+----------------------
         Total | 100.0 | 100.0 |   0.0 |   0.0 |   0.0 | 108.3
       Dungeon | 100.0 | 100.0 |   0.0 |   0.0 |   0.0 | 108.3
               +-------+-------+-------+-------+-------+----------------------

Table legend:
 A = Kills in this place as a percentage of kills in entire the game.
 B = Kills by you in this place as a percentage of kills by you in the entire game.
 C = Kills by friends in this place as a percentage of kills by friends in the entire game.
 D = Other kills in this place as a percentage of other kills in the entire game.
 E = Experience gained in this place as a percentage of experience gained in the entire game.
 F = Experience gained in this place divided by the number of levels of this place that you have seen.
                   A       B       C       D       E      F
               +-------+-------+-------+-------+-------+----------------------
         Total | 100.0 | 100.0 |   N/A |   N/A | 100.0 |  32.0
       Dungeon | 100.0 | 100.0 |   N/A |   N/A | 100.0 |  32.0
               +-------+-------+-------+-------+-------+----------------------

Vault maps used:
D:1:      zelgadis_glass_arrival_small
D:2:      first_ration, minmay_misc_feat_encased, uniq_robin, uniq_terence
D:3:      minmay_misc_feat_tower, uniq_grinder, uniq_natasha
